 Dungeon Crawl Stone Soup version 0.22-a0-379-ga9d99d6 (webtiles) character file.

151 Kairos the Chopper (level 5, -10/28 HPs)
             Began as a Vine Stalker Fighter on Apr 28, 2018.
             Mangled by Kairos's ghost (12 damage)
             ... on level 4 of the Dungeon.
             The game lasted 00:03:28 (2811 turns).

Kairos the Chopper (Vine Stalker Fighter)           Turns: 2811, Time: 00:03:28

Health: -10/28     AC:  6    Str: 19    XL:     5   Next: 33%
Magic:  0/6        EV:  7    Int:  8    God:
Gold:   148        SH:  9    Dex: 14    Spells: 4/4 levels left

rFire    . . .     SeeInvis .   a - +0 war axe
rCold    . . .     Gourm    .   c - +0 shield
rNeg     + . .     Faith    .   b - +0 scale mail
rPois    .         Spirit   +   (no helmet)
rElec    .         Reflect  .   (no cloak)
rCorr    .         Harm     .   (no gloves)
MR       .....                  (no boots)
Stlth    +.........             (no amulet)
HPRegen  0.49/turn              g - ring of positive energy
MPRegen  0.10/turn              i - ring of stealth

@: no status effects
A: fangs 2, regeneration 1, magic shield, antimagic bite, no potion heal 3, rot
immunity
a: no special abilities


You were on level 4 of the Dungeon.
You were hungry.

You visited 1 branch of the dungeon, and saw 4 of its levels.

You collected 148 gold pieces.

Inventory:

Hand Weapons
 a - a +0 war axe (weapon)
Missiles
 j - 4 tomahawks (quivered)
Armour
 b - a +0 scale mail (worn)
 c - a +0 shield (worn)
Jewellery
 g - a ring of positive energy (left hand)
 i - a ring of stealth (right hand)
Wands
 m - a wand of iceblast (9)
Scrolls
 h - a scroll of random uselessness
 n - a scroll of identify
 o - a scroll of blinking
Potions
 d - a potion of might
 e - 2 potions of resistance {unknown}
 k - 2 potions of agility {unknown}
Comestibles
 f - 6 rations


   Skills:
 + Level 3.1 Fighting
 + Level 3.4 Axes
 + Level 3.0 Armour
 + Level 0.4 Dodging
 + Level 3.3 Shields


You had 4 spell levels left.
You didn't know any spells.

Dungeon Overview and Level Annotations

Branches:
Dungeon (4/15)
 Temple: D:4-7

Altars:
Ashenzari
Makhleb
Qazlal
Sif Muna
Yredelemnul

Annotations:
D:4 Kairos's ghost, amateur VSFi


Innate Abilities, Weirdness & Mutations

You have extremely sharp teeth.
Your natural rate of healing is unusually fast.
When hurt, damage is shared between your health and your magic reserves.
Your bite disrupts and absorbs the magic of your enemies.
Potions cannot restore your health.
You are immune to rotting.


Message History

You hit Kairos's ghost but do no damage.
Your bite misses Kairos's ghost. Kairos's ghost hits you!
Kairos's ghost says, "I'll split you in two!"
Kairos's ghost completely misses you.
Unknown command.
You hit Kairos's ghost but do no damage.
You bite Kairos's ghost, but do no damage.
You block Kairos's ghost's attack.
You hit Kairos's ghost. Your bite misses Kairos's ghost.
Kairos's ghost is lightly damaged.
Kairos's ghost hits you!
You hit Kairos's ghost but do no damage.
Kairos's ghost is lightly damaged.
You are feeling hungry.
Kairos's ghost hits you.
* * * LOW HITPOINT WARNING * * *
Kairos's ghost hits you!
* * * LOW HITPOINT WARNING * * *
Kairos's ghost hits you!
You die...

.. ... #.#
#... ##.##
#....
#....#####...#
#...........#
$........#
#.††...#
#†.W..#
#...@.#
#.###..# ##
##.# .# .# #


You could see Kairos's ghost.

Vanquished Creatures
  5 adders
  An ooze (D:2)
  2 worms (D:3)
  3 dart slugs
  3 leopard geckos (D:1)
  5 orcs (D:3)
  7 giant cockroaches
  6 goblins
  7 hobgoblins
  8 jackals
  6 kobolds
  A quokka (D:2)
  2 ball pythons
  10 bats
  4 frilled lizards
  8 rats
78 creatures vanquished.

Notes
Turn   | Place    | Note
-------+----------+-------------------------------------------
     0 | D:1      | Kairos the Vine Stalker Fighter began the quest for the Orb.
     0 | D:1      | Reached XP level 1. HP: 11/11 MP: 2/2
    96 | D:1      | Reached XP level 2. HP: 16/16 MP: 3/3
   395 | D:1      | Reached XP level 3. HP: 20/20 MP: 4/4
  1357 | D:2      | Gained mutation: Your natural rate of healing is unusually fast. [Vine Stalker growth]
  1357 | D:2      | Reached XP level 4. HP: 9/24 MP: 1/5
  1820 | D:2      | Found a faded altar of an unknown god.
  2067 | D:3      | Reached XP level 5. HP: 28/28 MP: 6/6
  2331 | D:3      | Found a stormy altar of Qazlal.
  2332 | D:3      | Found a deep blue altar of Sif Muna.
  2333 | D:3      | Found a basalt altar of Yredelemnul.
  2558 | D:3      | Found a shattered altar of Ashenzari.
  2559 | D:3      | Found a burning altar of Makhleb.
  2796 | D:4      | Noticed Kairos's ghost (amateur VSFi)
  2809 | D:4      | HP: 1/28 [Kairos's ghost (7)]
  2811 | D:4      | Mangled by Kairos's ghost

Vault maps used:
D:1:      tarquinn_simple_flora_water_b
D:2:      chequers_ecumenical_altar_lobes
D:3:      minitemple, gammafunk_temple_overflow_statue

Skill      XL: |  1  2  3  4  5 |
---------------+----------------+-----
Axes           | 2 3 |  3.4
Fighting       | 3 |  3.1
Shields        | 3 |  3.3
Armour         | 3 |  3.0
Dodging        | |  0.4

Action                   |  1- 3 |  4- 6 || total
-------------------------+-------+-------++-------
Melee: War axe           |   104 |   123 ||   227
       Bite              |    22 |    29 ||    51
  Use: Scroll            |       |     4 ||     4
  Eat: Chunk             |     1 |     5 ||     6
Armor: Scale mail        |    44 |    48 ||    92
Dodge: Dodged            |    27 |    40 ||    67
Block: Shield            |    50 |    62 ||   112

Table legend:
 A = Spawn XP
 B = Non-spawn XP
 C = Spawn XP percentage of total XP
 D = Spawn monster count
 E = Non-spawn monster count
 F = Spawn count percentage of total count
 G = Total turns spent on level
                    A         B        C        D         E        F      G
               +---------+---------+-------+---------+---------+-------+---------
         Total |       0 |     216 |   0.0 |       0 |      78 |   0.0 |  2811
               +---------+---------+-------+---------+---------+-------+---------
           D:1 |       0 |      49 |   0.0 |       0 |      28 |   0.0 |  1197
           D:2 |       0 |      98 |   0.0 |       0 |      26 |   0.0 |   752
           D:3 |       0 |      61 |   0.0 |       0 |      20 |   0.0 |   840
           D:4 |       0 |       8 |   0.0 |       0 |       4 |   0.0 |    22
               +---------+---------+-------+---------+---------+-------+---------
